 Dungeon Crawl Stone Soup version 0.31-a0-152-g6aa68a64a1 (webtiles) character file.

Game seed: 10765318361727006330

1862 comborobin the Skirmisher (level 8, -1/45 HPs)
             Began as a Deep Elf Delver on June 10, 2023.
             Slain by Pikel
             ... wielding a +0 whip of freezing
              (4 damage)
             ... on level 6 of the Dungeon.
             The game lasted 00:10:14 (7306 turns).

comborobin the Skirmisher (Deep Elf Delver)         Turns: 7306, Time: 00:10:15

Health: -1/45      AC:  6    Str:  9    XL:     8   Next: 89%
Magic:  10/10      EV: 13    Int: 16    God:
Gold:   373        SH:  0    Dex: 18    Spells: 7/7 levels left

rFire   . . .        a - +2 dagger (venom)
rCold   . . .        (no shield)
rNeg    . . .        b - +0 leather armour
rPois   +            (helmet restricted)
rElec   .            v - +1 cloak
rCorr   .            (no gloves)
SInv    .            G - +0 pair of boots
Will    .....        h - amulet of faith
Stlth   +++          m - ring of poison resistance
HPRegen 0.27/turn    (no ring)
MPRegen 0.12/turn

%: faith
@: no status effects
A: horns 1
a: no special abilities


You were on level 6 of the Dungeon.
You visited 2 branches of the dungeon, and saw 8 of its levels.

You collected 373 gold pieces.

Inventory:

Hand Weapons
 a - a +2 dagger of venom (weapon)
 u - a +0 short sword of protection
 y - a +5 mace
 B - a +0 dagger of draining
Missiles
 n - 4 boomerangs of dispersal
 x - 2 throwing nets
Armour
 b - a +0 leather armour (worn)
 v - a +1 cloak (worn)
 E - a +2 ring mail of poison resistance
 G - a +0 pair of boots (worn)
Jewellery
 h - an amulet of faith (around neck)
 j - a ring of protection from cold
 m - a ring of poison resistance (left hand)
 p - a ring of fire
 I - an amulet of reflection
Wands
 g - a wand of digging (5)
 i - a wand of paralysis (1)
 F - a wand of acid (4)
 K - a wand of flame (5)
Scrolls
 c - 4 scrolls of fog
 d - 2 scrolls of blinking
 l - a scroll of enchant weapon
 s - 2 scrolls of teleportation
 w - a scroll of fear
 z - 3 scrolls of identify
 C - a scroll of immolation
 D - 2 scrolls of poison
 H - a scroll of enchant armour
 J - a scroll of noise {unknown}
Potions
 e - a potion of enlightenment {unknown}
 f - a potion of haste
 k - a potion of mutation
 o - 2 potions of curing
 q - 2 potions of cancellation {unknown}
 r - 2 potions of berserk rage {unknown}
 t - 3 potions of heal wounds {unknown}
 A - a potion of invisibility


   Skills:
 - Level 2.5 Fighting
 - Level 2.1 Short Blades
 - Level 11.9 Ranged Weapons
 + Level 4.6 Dodging
 - Level 6.1 Stealth
 - Level 6.2 Evocations


You had 7 spell levels left.
You didn't know any spells.
Your spell library contained the following spells:

 Spells                   Type           Power      Damage    Failure   Level
 Kiss of Death            Conj/Necr      0%         2d5       34%         1
 Slow                     Hex            0%         N/A       34%         1
 Ensorcelled Hibernation  Hex/Ice        0%         N/A       47%         2
 Passwall                 Tmut/Erth      0%         N/A       47%         2
 Sublimation of Blood     Necr           0%         N/A       47%         2
 Wereblood                Tmut           0%         N/A       47%         2
 Confusing Touch          Hex            0%         N/A       71%         3
 Swiftness                Air            0%         N/A       71%         3
 Vampiric Draining        Necr           0%         2d6       71%         3
 Dispel Undead            Necr           0%         3d6       98%         4
 Summon Hydra             Summ           0%         N/A       100%        7


Dungeon Overview and Level Annotations

Branches:
Dungeon (7/15)             Temple (1/1) D:4

Altars:
Cheibriados
Elyvilon
Fedhas
Hepliaklqana
Makhleb
Nemelex Xobeh
Qazlal
Ru
Sif Muna
Trog
Uskayaw
Vehumet
Wu Jian
Xom

Shops:
D:3 *

Annotations:
D:4 1 exclusion
D:5 exclusion: ogre
D:6 Pikel


Innate Abilities, Weirdness & Mutations

You have a pair of small horns on your head.


Message History

You hit Pikel.
Pikel looks as sick as possible!
You headbutt Pikel.
Pikel is moderately wounded.
Pikel hits you with a +0 whip of freezing!
Pikel freezes you.
You closely miss Pikel. Your headbutt misses Pikel.
Pikel is moderately wounded.
Pikel hits you with a +0 whip of freezing.
Pikel freezes you. Pikel attacks as you move away!
Pikel hits you with a +0 whip of freezing!
Pikel freezes you.
Okay, then.
You completely miss Pikel.
Pikel is severely wounded.
Pikel misses you. Pikel attacks as you move away! Pikel misses you.
Pikel attacks as you move away! Pikel barely misses you.
Pikel is no longer covered in acid.
Pikel says, "Hell isn't that bad."
You closely miss Pikel. Your headbutt misses Pikel.
Pikel is severely wounded.
Pikel hits you but does no damage.
You barely miss Pikel. You headbutt Pikel.
Pikel is severely wounded.
Pikel closely misses you. Pikel attacks as you move away!
Pikel hits you with a +0 whip of freezing.
Pikel freezes you. Pikel attacks as you move away!
Pikel hits you with a +0 whip of freezing.
Pikel freezes you.
* * * LOW HITPOINT WARNING * * *
Pikel attacks as you move away!
Pikel hits you with a +0 whip of freezing!
* * * LOW HITPOINT WARNING * * *
Pikel freezes you.
* * * LOW HITPOINT WARNING * * *
Pikel attacks as you move away!
Pikel hits you with a +0 whip of freezing.
You die...

..........#.......#..............
###.......#.......####...........
###......#....#.................
##............###................
#....#.....#...#.................
###........##........#...........
####..#........................
##............##........##..
##.....[..@K..#............
##...)>..#........#.....##
####...)[.###...##.##.....#
#..#.#..####....##.#......#
##....#.##.##....##........#
#...#.......#..............#
#...##..#...................
##......#..........##.......
###..#....#......#..#.......


You could see Pikel (poisoned).

Vanquished Creatures
  Grinder (D:3)
  Sigmund (D:3)
  Menkaure (D:6)
  A water moccasin (D:6)
  A black bear (D:6)
  An ice beast (D:5)
  An orc warrior (D:6)
  An ogre (D:6)
  A phantom (D:6)
  2 bullfrogs
  2 scorpions
  2 hounds
  A jelly (D:5)
  A gnoll bouda (D:6)
  2 orc priests
  3 orc wizards
  2 iguanas
  8 gnolls
  7 adders
  A shadow imp (D:5)
  2 ufetubi
  2 worms
  3 dart slugs
  20 orcs
  3 bats
  10 endoplasms
  4 giant cockroaches
  18 goblins
  19 hobgoblins
  2 jackals (D:5)
  3 quokkas
  4 ball pythons
  3 frilled lizards
  14 kobolds
  4 rats
151 creatures vanquished.

Notes
Turn   | Place    | Note
-------+----------+-------------------------------------------
     0 | D:5      | comborobin the Deep Elf Delver began the quest for the Orb.
     0 | D:5      | Reached XP level 1. HP: 13/13 MP: 3/3
    19 | D:5      | Noticed an iguana
    66 | D:5      | Killed an iguana
    67 | D:5      | Reached skill level 3 in Ranged Weapons
    67 | D:5      | Reached XP level 2. HP: 18/18 MP: 4/4
    67 | D:5      | Reached XP level 3. HP: 22/22 MP: 5/5
   190 | D:4      | Found a staircase to the Ecumenical Temple.
   193 | Temple   | Entered the Ecumenical Temple
   266 | D:4      | Reached skill level 4 in Ranged Weapons
   380 | D:4      | Reached XP level 4. HP: 24/27 MP: 6/6
   466 | D:4      | Noticed a scorpion
   471 | D:4      | Killed a scorpion
   472 | D:4      | Reached skill level 5 in Ranged Weapons
   618 | D:4      | Reached XP level 5. HP: 31/31 MP: 7/7
   690 | D:4      | Reached skill level 6 in Ranged Weapons
   942 | D:3      | Noticed Sigmund
   957 | D:3      | Killed Sigmund
   958 | D:3      | Reached skill level 8 in Ranged Weapons
   958 | D:3      | Reached XP level 6. HP: 29/36 MP: 8/8
   987 | D:3      | Found Koenk's General Store.
   994 | D:3      | Found a hide-covered altar of Uskayaw.
  1000 | D:3      | Noticed Grinder
  1010 | D:3      | Killed Grinder
  1011 | D:3      | Reached skill level 9 in Ranged Weapons
  1011 | D:3      | Reached XP level 7. HP: 40/40 MP: 9/9
  2959 | D:1      | Found a faded altar of an unknown god.
  4395 | D:5      | Reached skill level 10 in Ranged Weapons
  4427 | D:5      | Gained mutation: You have a pair of small horns on your
                  | head. [potion of mutation]
  4835 | D:5      | Found an ornate altar of the Wu Jian Council.
  4842 | D:5      | Found a snail-covered altar of Cheibriados.
  5158 | D:5      | Reached skill level 11 in Ranged Weapons
  5499 | D:6      | Noticed Menkaure
  5796 | D:5      | Reached XP level 8. HP: 24/45 MP: 10/10
  6548 | D:6      | Reached skill level 5 in Evocations
  6826 | D:6      | Killed Menkaure
  7260 | D:7      | Noticed Pikel
  7306 | D:6      | Slain by Pikel

Illustrated notes

Levels and vault maps discovered:
D:1:      dpeg_arrival_erosion, layout_basic,
          shapermc_ecumenical_altar_hornbeckon, dreamdust_princess_corridor
D:2:      layout_basic
D:3:      layout_basic, nicolae_overflow_hidden_temple, serial_shops,
          nicolae_shop_waterfront, nrook_campfire, uniq_grinder, uniq_sigmund
D:4:      layout_basic, minmay_temple_entry_ruins, minmay_puff
D:5:      corexii_shantytown, layout_loops_ring, mainiacjoe_overflow_brackets,
          kennysheep_mini, portal_sewer_entry_e, minmay_misc_feat_enclosed,
          kennysheep_decorative_pillar
D:6:      layout_cave_pools, kennysheep_boxes, uniq_menkaure
D:7:      layout_rooms, nicolae_tso_besieged_by_evil, uniq_pikel
Temple:   nicolae_temple_ecumenical_triangle

Skill      XL: |  1  2  3  4  5  6  7  8 |
---------------+-------------------------+-----
Ranged Weapons | 3 4 5 8 9 11 | 11.9
Evocations     | 6 |  6.2
Dodging        | 4 |  4.6
Fighting       | |  2.5
Short Blades   | |  2.1
Stealth        | |  6.1

Action                     |  1- 3 |  4- 6 |  7- 9 || total
---------------------------+-------+-------+-------++-------
  Melee: Short sword       |    17 |    39 |   156 ||   212
         Mace              |       |       |   100 ||   100
         Dagger            |       |       |   126 ||   126
         Headbutt          |       |       |    45 ||    45
         Punch             |       |       |     6 ||     6
  Throw: Dart              |     6 |     3 |       ||     9
  Evoke: Wand              |     2 |     2 |    11 ||    15
    Use: Scroll            |     2 |       |    10 ||    12
         Potion            |     1 |       |     4 ||     5
   Stab: Paralysed         |     2 |     3 |     9 ||    14
         Sleeping          |       |     4 |    44 ||    48
 Armour: Leather armour    |     5 |     6 |    87 ||    98
  Dodge: Dodged            |    29 |    12 |   245 ||   286

Table legend: (Time is in decaauts)
 A = Elapsed time spent in this place.
 B = Non-inter-level travel time spent in this place.
 C = Inter-level travel time spent in this place.
 D = Time resting spent in this place.
 E = Time spent auto-exploring this place.
 F = Levels seen in this place.
 G = Mean time per level.
                   A        B        C        D        E       F      G
               +--------+--------+--------+--------+--------+-----+--------+
         Total |   7318 |   6914 |    404 |   1477 |   3888 |   8 |  914.8 |
       Dungeon |   7254 |   6867 |    387 |   1477 |   3857 |   7 | 1036.3 |
        Temple |     63 |     46 |     17 |      0 |     31 |   1 |   63.0 |
               +--------+--------+--------+--------+--------+-----+--------+

Top non-repeatable levels by time:
     D:5: 1858 daAuts
     D:6: 1116 daAuts
     D:1: 1100 daAuts
     D:2: 1059 daAuts
     D:4: 1033 daAuts
     D:3: 915 daAuts
     D:7: 172 daAuts
  Temple: 63 daAuts
